 Dungeon Crawl Stone Soup version 0.31.0-4-g52a2dc7128 (webtiles) character file.

Game seed: 9780339821256250531

19327 Arctor the Skirmisher (level 13, -1/80 HPs)
             Began as a Kobold Hexslinger on Jan 22, 2024.
             Slain by an elephant (13 damage)
             ... on level 4 of the Lair of Beasts.
             The game lasted 00:19:36 (15143 turns).

Arctor the Skirmisher (Kobold Hexslinger)          Turns: 15143, Time: 00:19:37

Health: -1/80      AC: 13    Str:  5    XL:     13   Next: 3%
Magic:  25/25      EV: 24    Int: 14    God:
Gold:   635        SH:  0    Dex: 31    Spells: 14/29 levels left

rFire   . . .        t - +0 triple crossbow
rCold   . . .        (shield currently unavailable)
rNeg    . . .        q - +5 ring mail "Hyipio" {Dex+6}
rPois   .            (no helmet)
rElec   .            (no cloak)
rCorr   .            y - +2 pair of gloves
SInv    .            (no boots)
Will    .....        A - amulet of magic regeneration
Stlth   +++          f - ring of wizardry
HPRegen 0.33/turn    g - +5 ring of evasion
MPRegen 0.59/turn

%: clarity, wizardry (x1)
@: weak-willed, jinxed
A: small, no large weapons, nightstalker 3, agile 1, clarity
a: no special abilities


You were on level 4 of the Lair of Beasts.
You visited 2 branches of the dungeon, and saw 14 of its levels.
You also visited: Ossuary.

You collected 775 gold pieces.
You spent 140 gold pieces at shops.

Inventory:

Hand Weapons
 a - a +2 sling of freezing
 l - a +2 dagger of flaming
 o - a +2 sling of flaming
 t - a +0 triple crossbow (weapon)
Missiles
 c - 2 throwing nets
Armour
 q - the +5 ring mail "Hyipio" (worn) {Dex+6}
   (You found it on level 3 of the Dungeon)

   Dex+6:     It affects your dexterity (+6).
 y - a +2 pair of gloves (worn)
 G - a +0 kite shield
Jewellery
 f - a ring of wizardry (left hand)
 g - a +5 ring of evasion (right hand)
 m - a ring of willpower
 w - a ring of protection from fire
 A - an amulet of magic regeneration (around neck)
 H - a ring of willpower
 I - a ring of wizardry
 L - a ring of positive energy
Wands
 C - a wand of iceblast (6)
 D - a wand of charming (3)
 E - a wand of light (4)
 F - a wand of flame (11)
Scrolls
 b - 3 scrolls of poison
 i - 2 scrolls of vulnerability
 j - 4 scrolls of enchant armour
 p - 2 scrolls of fog
 s - 5 scrolls of teleportation
 x - 3 scrolls of revelation
 z - a scroll of torment
 B - a scroll of immolation
Potions
 d - 2 potions of heal wounds
 e - 3 potions of lignification
 h - 5 potions of mutation
 k - a potion of brilliance
 n - 2 potions of attraction
 r - 2 potions of enlightenment
 u - 3 potions of degeneration
 v - a potion of might
Miscellaneous
 K - a box of beasts


   Skills:
 + Level 9.4 Fighting
 + Level 11.4 Ranged Weapons
 + Level 10.5 Dodging
 - Level 3.0 Shields
 + Level 8.5 Spellcasting
 + Level 8.8 Hexes
 - Level 5.7 Translocations
 - Level 3.9 Fire Magic
 + Level 3.4 Evocations


You had 14 spell levels left.
You knew the following spells:

 Your Spells              Type           Power      Damage    Failure   Level
a - Jinxbite              Hex            60%        N/A       1%          2
b - Sigil of Binding      Hex            30%        N/A       1%          3
c - Dimensional Bullseye  Hex/Tloc       13%        N/A       12%         4
d - Dazzling Flash        Conj/Hex       36%        N/A       12%         3
e - Volatile Blastmotes   Fire/Tloc      38%        2d13      10%         3

Your spell library contained the following spells:

 Spells                   Type           Power      Damage    Failure   Level
 Inner Flame              Hex/Fire       23%        N/A       5%          3
 Cause Fear               Hex            15%        N/A       6%          4
 Scorch                   Fire           34%        2d6       7%          2
 Summon Small Mammal      Summ           20%        N/A       24%         1
 Sublimation of Blood     Necr           5%         N/A       32%         2
 Call Canine Familiar     Summ           5%         N/A       54%         3
 Hailstorm                Conj/Ice       5%         3d5       54%         3
 Mephitic Cloud           Conj/Alch/Air  5%         N/A       54%         3
 Summon Ice Beast         Ice/Summ       5%         N/A       54%         3
 Iskenderun's Mystic Bla  Conj/Tloc      14%        2d5       54%         4
 Flame Wave               Conj/Fire      11%        2d6       67%         4
 Summon Blazeheart Golem  Fire/Summ      11%        N/A       67%         4
 Silence                  Hex/Air        9%         N/A       69%         5
 Animate Dead             Necr           5%         N/A       90%         4
 Fulminant Prism          Conj/Alch      2%         3d5       90%         4
 Petrify                  Alch/Erth      5%         N/A       90%         4
 Borgnjor's Vile Clutch   Necr/Erth      2%         N/A       99%         5
 Curse of Agony           Necr           5%         N/A       99%         5
 Irradiate                Conj/Alch      2%         3d12      99%         5
 Death Channel            Necr           2%         N/A       100%        6
 Sculpt Simulacrum        Ice/Alch       2%         N/A       100%        6
 Summon Cactus Giant      Summ           2%         N/A       100%        6


Dungeon Overview and Level Annotations

Branches:
Dungeon (10/15)            Temple (0/1) D:7            Lair (4/5) D:10
 Shoals (0/4) Lair:2        Snake (0/4) Lair:2      Ossuary (visited)
  Slime: Lair:4-5       Orc: D:9-12

Altars:
Ashenzari
Cheibriados
Kikubaaqudgha
Sif Muna
Zin

Shops:
D:2 [   D:8 [(   D:9 [   D:10 [

Annotations:
D:5 1 runed translucent door, Crazy Yiuf


Innate Abilities, Weirdness & Mutations

You are small and have problems with some larger weapons.
You are completely attuned to the shadows.
You are agile. (Dex +4, Str/Int -1)
You possess an exceptional clarity of mind.


Message History

The elephant misses you.
The elephant trunk-slaps you but does no damage.
The elephant closely misses you. x2; The elephant completely misses you.
The elephant trunk-slaps you but does no damage.
The elephant barely misses you. The elephant completely misses you.
You shoot a bolt.
The bolt hits the elephant but does no damage.
The elephant is almost dead.
The elephant misses you.
The elephant trunk-slaps you but does no damage.
The elephant barely misses you. The elephant misses you.
The elephant closely misses you.
The elephant trunk-slaps you but does no damage.
The elephant barely misses you. The elephant trunk-slaps you.
* * * LOW HITPOINT WARNING * * *
You shoot a bolt. The bolt hits the elephant!
You kill the elephant!
The elephant tramples you but does no damage.
The elephant completely misses you. x2
The elephant trunk-slaps you but does no damage.
You shoot a bolt. The bolt hits the elephant!!
The elephant is heavily wounded.
The elephant misses you. x2; The elephant closely misses you. x2
The elephant completely misses you. The elephant barely misses you.
The elephant closely misses you.
The elephant trunk-slaps you but does no damage.
You shoot a bolt.
The bolt hits the elephant but does no damage.
The elephant is heavily wounded.
The elephant closely misses you.
The elephant trunk-slaps you but does no damage.
The elephant closely misses you. The elephant trunk-slaps you.
* * * LOW HITPOINT WARNING * * *
The elephant completely misses you.
The elephant trunk-slaps you but does no damage.
The elephant barely misses you. The elephant closely misses you.
You shoot a bolt. The bolt hits the elephant!!
The elephant is almost dead.
The elephant tramples you!
You die...

####### #.##..#
#####....##
#@#.......#
#YY......##
###.........##
##............#
#............##
##...........#
##..........#
#..........##
..#...[......#


You could see 2 elephants.

Vanquished Creatures
  A boulder beetle (Lair:1)
  A cyclops (D:10)
  Joseph (D:8)
  10 elephants
  3 black mambas (Lair:2)
  2 cane toads
  A rime drake (Lair:3)
  3 komodo dragons
  A troll (D:10)
  2 polar bears
  A hornet (D:10)
  3 wyverns
  A wraith (D:9)
  15 yaks
  A steam dragon (D:10)
  A swamp worm (Lair:2)
  15 water moccasins
  An ice beast (D:6)
  2 orc warriors
  2 black bears
  12 wolves
  4 centaurs
  2 phantoms
  4 kobold brigands
  8 bullfrogs
  2 gnoll sergeants
  A scorpion (D:10)
  12 wights
  36 killer bees
  2 lava snakes (D:10)
  4 howler monkeys (D:7)
  A bombardier beetle (D:7)
  4 hounds
  A jelly (D:5)
  12 orc priests
  A gnoll bouda (D:9)
  A sleepcap (D:7)
  4 iguanas
  8 orc wizards
  6 hell rats (Lair:2)
  4 mummies (Ossuary)
  16 gnolls
  13 adders
  3 shadow imps
  A white imp (D:5)
  2 ufetubi (D:6)
  An adder zombie (Ossuary)
  2 ribbon worms (D:5)
  2 dart slugs
  20 orcs
  8 ball pythons
  5 endoplasms
  A giant cockroach (D:1)
  A gnoll zombie (Ossuary)
  10 goblins
  5 hobgoblins
  2 jackals (D:1)
  3 quokkas
  3 training dummies (D:8)
  3 bats (D:1)
  4 frilled lizards
  4 hobgoblin zombies (Ossuary)
  A jackal zombie (Ossuary)
  26 kobolds
  2 kobold zombies (Ossuary)
  An orc zombie (Ossuary)
  3 rats
  2 rat zombies (Ossuary)
340 creatures vanquished.

Notes
Turn   | Place    | Note
-------+----------+-------------------------------------------
     0 | D:1      | Arctor the Kobold Hexslinger began the quest for the Orb.
     0 | D:1      | Reached XP level 1. HP: 12/12 MP: 2/2
    68 | D:1      | Reached XP level 2. HP: 16/16 MP: 3/3
   308 | D:1      | Reached skill level 3 in Ranged Weapons
   334 | D:1      | Reached XP level 3. HP: 20/20 MP: 5/5
   707 | D:1      | You fall into a shaft and drop 1 floor!
  1058 | D:2      | Reached XP level 4. HP: 5/26 MP: 6/6
  1254 | D:2      | Found Baca's Antique Armour Shop.
  1683 | D:2      | Learned a level 2 spell: Jinxbite
  2340 | D:3      | Identified the +5 ring mail "Hyipio" {Dex+6}
  2463 | D:3      | Reached XP level 5. HP: 30/30 MP: 7/7
  3242 | D:4      | Reached XP level 6. HP: 36/36 MP: 9/9
  3264 | D:4      | Reached skill level 4 in Ranged Weapons
  3597 | D:4      | Reached XP level 7. HP: 28/41 MP: 8/11
  4007 | D:4      | Found a broken altar of Ashenzari.
  4470 | D:5      | Entered Level 5 of the Dungeon
  4582 | D:5      | Noticed a water moccasin
  4590 | D:5      | Killed a water moccasin
  4709 | D:5      | Reached skill level 5 in Ranged Weapons
  4834 | D:5      | Reached XP level 8. HP: 36/48 MP: 9/12
  5280 | D:5      | Reached skill level 5 in Dodging
  5478 | D:5      | Found a runed translucent door.
  5481 | D:5      | Noticed Crazy Yiuf
  5658 | D:5      | Learned a level 3 spell: Sigil of Binding
  5794 | D:6      | Found a sand-covered staircase.
  5800 | Ossuary  | Entered an ossuary
  6129 | D:6      | Gained mutation: You possess an exceptional clarity of
                  | mind. [potion of mutation]
  6129 | D:6      | Gained mutation: You are agile. (Dex +4, Str/Int -1)
                  | [potion of mutation]
  6170 | D:6      | Learned a level 4 spell: Dimensional Bullseye
  6241 | D:6      | Found an ancient bone altar of Kikubaaqudgha.
  6289 | D:6      | Found a snail-covered altar of Cheibriados.
  6428 | D:6      | Reached skill level 6 in Ranged Weapons
  6430 | D:6      | Reached skill level 5 in Hexes
  6585 | D:6      | Reached skill level 1 in Translocations
  6585 | D:6      | Reached XP level 9. HP: 37/52 MP: 12/15
  7544 | D:7      | Found a staircase to the Ecumenical Temple.
  7598 | D:7      | Reached skill level 5 in Fighting
  7914 | D:7      | Reached skill level 7 in Ranged Weapons
  8179 | D:7      | Found a shimmering blue altar of Sif Muna.
  8370 | D:8      | Reached skill level 5 in Spellcasting
  8448 | D:8      | Noticed Joseph
  8517 | D:8      | Learned a level 3 spell: Dazzling Flash
  8536 | D:8      | Reached XP level 10. HP: 60/60 MP: 17/17
  8589 | D:9      | Noticed a white ugly thing
  8686 | D:8      | Killed Joseph
  8730 | D:8      | Reached skill level 8 in Ranged Weapons
  8835 | D:8      | Found Yrghyl's Firing Range.
  8841 | D:8      | Bought a +0 triple crossbow for 140 gold pieces
  8940 | D:8      | Noticed an animated storm dragon scales
  8942 | D:8      | Found Cuastruc's Armour Emporium.
  8949 | D:8      | Noticed an animated crystal plate armour
  9808 | D:9      | Found Esuel's Antique Armour Emporium.
  9989 | D:9      | Found a glowing silver altar of Zin.
 10553 | D:10     | Entered Level 10 of the Dungeon
 10734 | D:10     | Noticed a cyclops
 10739 | D:10     | Killed a cyclops
 10740 | D:10     | Reached skill level 9 in Ranged Weapons
 10740 | D:10     | Reached XP level 11. HP: 63/67 MP: 17/20
 11065 | D:10     | Reached skill level 5 in Translocations
 11287 | D:10     | Found a staircase to the Lair.
 11287 | D:10     | Noticed an elephant
 11291 | D:10     | Killed an elephant
 11369 | D:10     | Found Rep Jirph's Antique Armour Shoppe.
 11642 | Lair:1   | Entered Level 1 of the Lair of Beasts
 11647 | Lair:1   | Noticed a boulder beetle
 11654 | Lair:1   | Killed a boulder beetle
 11655 | Lair:1   | Reached skill level 1 in Shields
 12037 | Lair:1   | Reached skill level 10 in Ranged Weapons
 12081 | Lair:1   | You fall into a shaft and drop 1 floor!
 12119 | Lair:2   | Reached XP level 12. HP: 20/74 MP: 21/23
 12239 | Lair:2   | Found a staircase to the Snake Pit.
 12330 | Lair:2   | Learned a level 3 spell: Volatile Blastmotes
 12334 | Lair:2   | Found a staircase to the Shoals.
 13737 | Lair:3   | Reached skill level 1 in Evocations
 13944 | Lair:3   | Reached skill level 10 in Dodging
 14058 | Lair:3   | Reached skill level 11 in Ranged Weapons
 14625 | Lair:3   | Identified the +1 pair of boots of Kontyva {rN+}
 15132 | Lair:4   | Reached XP level 13. HP: 23/80 MP: 25/25
 15143 | Lair:4   | Slain by an elephant

Illustrated notes

Levels and vault maps discovered:
D:1:      spicycebolla_arrival_clurvy, layout_basic, serial_forest,
          infiniplex_forest_straight_3, infiniplex_forest_straight_4,
          infiniplex_forest_lined_2, infiniplex_forest_corner_2,
          infiniplex_forest_end_1, infiniplex_forest_lined_2,
          infiniplex_forest_lined_room_, infiniplex_forest_clump_double,
          st_stairs_6
D:2:      layout_basic, serial_shops, shop, chequers_big_river
D:3:      layout_basic, bh_walls_and_bars
D:4:      layout_cave_pods, evilmike_ruin_ashenzari, serial_co_window_serial,
          co_window_paths_b, co_window_corner_a, co_window_corner_a,
          co_window_corner_a, co_window_corner_a, co_window_paths_a,
          co_window_broadway_c, co_window_unsneaky_path_c,
          co_window_unsneaky_path_e, co_window_unsneaky_path_e,
          co_window_paths_d, glass_columns_a
D:5:      layout_gridville, kennysheep_small_square, uniq_crazy_yiuf_cottage
D:6:      layout_cave_pods, mainiacjoe_overflow_catwalk_spiral, enter_ossuary_1
D:7:      layout_cave_pods, marbit_many_paths, minmay_temple_entry_junction_2
D:8:      layout_basic, serial_shops, nicolae_shop_mannequins,
          nicolae_shop_firing_range, uniq_joseph
D:9:      cheibrodos_elevator_heist, layout_loops_ring,
          mainiacjoe_overflow_catwalk, serial_shops,
          nicolae_shop_window_shopping
D:10:     layout_basic, grunt_lair_entry_orc_guard_hut, serial_shops, shop,
          kennysheep_crisscross, kennysheep_windowed_goal
Lair:1:   layout_cave_shapes, gammafunk_ghost_arena, serial_rivers,
          chequers_serial_rivers_small_3, chequers_serial_rivers_small_3,
          chequers_serial_rivers_micro_e, chequers_serial_rivers_micro_b,
          chequers_serial_rivers_micro_a, nicolae_quartered_pool_impasse
Lair:2:   beargit_carnivore_pack, layout_small_grid, shoals_dummy_entry,
          minmay_snake_entry_six_corridors, serial_rivers,
          chequers_serial_rivers_micro_e, chequers_serial_rivers_micro_d,
          chequers_serial_rivers_small_3, chequers_serial_rivers_micro_c,
          chequers_serial_rivers_micro_b, worms_lemuel
Lair:3:   wad_woods_minihive, layout_gridlike, chequers_serial_rivers_small_a,
          grunt_megastairs_5
Lair:4:   layout_cave_pods, dpeg_slime_entry_corner, lemuel_centaur_altar

Skill      XL: |  1  2  3  4  5  6  7  8  9 10 11 12 |
---------------+-------------------------------------+-----
Ranged Weapons | 3 4 5 6 7 9 10 11 | 11.4
Dodging        | 3 4 5 6 8 9 10 | 10.5
Fire Magic     | 2 3 |  3.9
Fighting       | 2 3 4 5 7 8 9 |  9.4
Spellcasting   | 2 3 4 5 6 7 8 |  8.5
Hexes          | 4 5 7 8 |  8.8
Translocations | 1 3 4 5 |  5.7
Shields        | 2 3 |  3.0
Evocations     | 3 |  3.4

Action                     |  1- 3 |  4- 6 |  7- 9 | 10-12 | 13-15 || total
---------------------------+-------+-------+-------+-------+-------++-------
   Fire: Sling             |    67 |   138 |   373 |    56 |       ||   634
         Triple crossbow   |       |       |       |   425 |    10 ||   435
   Cast: Jinxbite          |       |     4 |    21 |    23 |     1 ||    49
    Use: Scroll            |     1 |     6 |     7 |     7 |       ||    21
         Potion            |       |     1 |     6 |     5 |       ||    12
 Armour: Robe              |    13 |    13 |       |       |       ||    26
         Ring mail         |       |    40 |   170 |   323 |    23 ||   556
  Dodge: Dodged            |    21 |    84 |   262 |   913 |    50 ||  1330
